 Dungeon Crawl Stone Soup version 0.18.1-1-g2f07953 (webtiles) character file.

198 namelastname112 the Poker (level 5, -1/46 HPs)
             Began as a Draconian Gladiator on May 6, 2016.
             Slain by an ogre
             ... wielding a +0 giant club
              (15 damage)
             ... on level 4 of the Dungeon.
             The game lasted 00:04:20 (2603 turns).

namelastname112 the Poker (Draconian Gladiator)     Turns: 2603, Time: 00:04:22

Health: -1/46      AC:  5    Str: 22    XL:     5   Next: 47%
Magic:  5/5        EV: 13    Int:  8    God:
Gold:   113        SH:  0    Dex: 12    Spells: 0 memorised, 4 levels left

rFire  . . .     SeeInvis .     a - +0 trident
rCold  . . .     Gourm    .     (armour unavailable)
rNeg   . . .     Faith    .     (no shield)
rPois  .         Spirit   .     b - +0 hat
rElec  .         Dismiss  .     (no cloak)
rCorr  .         Reflect  .     (no gloves)
SustAt .         Harm     .     (no boots)
MR     .....                    (no amulet)
Stlth  ..........               p - +4 ring of strength
                                i - ring of loudness (curse)

@: not resistant to hostile enchantments, extremely unstealthy
A: unfitting armour, cold-blooded, AC +5
a: no special abilities


You were on level 4 of the Dungeon.
You were not hungry.

You visited 1 branch of the dungeon, and saw 4 of its levels.

You collected 113 gold pieces.

Inventory:

Hand Weapons
 a - a +0 trident (weapon)
Missiles
 c - a throwing net (quivered)
Armour
 b - a +0 hat (worn)
Jewellery
 i - a cursed ring of loudness (left hand)
 p - a +4 ring of strength (right hand)
Wands
 s - a wand of slowing (21/48)
Scrolls
 g - a scroll of random uselessness {unknown}
 h - 3 scrolls of identify {unknown}
 j - 2 scrolls of teleportation {unknown}
 k - a scroll of fog {unknown}
 l - 2 scrolls of recharging {unknown}
 m - 3 scrolls of remove curse {unknown}
 o - a scroll of magic mapping {unknown}
 q - a scroll of enchant weapon {unknown}
Potions
 e - 3 potions of curing {unknown}
 f - a potion of flight {unknown}
Comestibles
 d - 6 bread rations
 n - 2 chunks of flesh
 r - a beef jerky


   Skills:
 + Level 3.7 Fighting
 * Level 5.0 Polearms
 - Level 1.7 Throwing
 + Level 3.5 Dodging


You had 4 spell levels left.
You didn't know any spells.

Dungeon Overview and Level Annotations

Branches:
Dungeon (4/15)
 Temple: D:4-7

Altars:

Annotations:
D:3 skk's ghost, amateur NaEn


Innate Abilities, Weirdness & Mutations

Your plain brown scales are hard (AC +5).
Your body does not fit into most forms of armour.
You are cold-blooded and may be slowed by cold attacks.


Message History

Attack whom?
Press: ? - help, Dir - move target cursor, f/p - ogre
Aim: an ogre, wielding a giant club (heavily wounded, entangled in a net)
You reach to attack!
You hit the ogre.
The ogre is severely wounded.
The ogre struggles against the net.
Attack whom?
Press: ? - help, Dir - move target cursor, f/p - ogre
Aim: an ogre, wielding a giant club (severely wounded, entangled in a net)
You reach to attack!
You hit the ogre but do no damage.
The ogre is severely wounded.
The ogre struggles against the net.
The net rips apart, and the ogre comes free!
Attack whom?
Press: ? - help, Dir - move target cursor, f/p - ogre
Aim: an ogre, wielding a giant club (severely wounded)
You reach to attack!
You hit the ogre.
The ogre is almost dead.
The ogre hits you with a giant club!
You die...

(.. #.# # #.# #
#.# # #+# #(### #
#.# #...# # #.#
###.# # ##.######
#O# ###...#...##
#@#
.......###.#####.#
#.#....#<†.......#
#.##.#.#.#.#######
..........##
#.##.###.## ..##.#
### ####.# #.#


You could see an ogre.

Vanquished Creatures
  An orc wizard (D:3)
  A worker ant (D:4)
  4 adders (D:2)
  6 oozes
  2 worms (D:1)
  A dart slug (D:3)
  3 giant geckos
  5 orcs
  6 bats
  3 giant cockroaches
  10 goblins
  6 hobgoblins
  4 jackals (D:1)
  A quokka (D:4)
  3 giant newts (D:1)
  9 kobolds
  2 rats
67 creatures vanquished.

Notes
Turn   | Place    | Note
--------------------------------------------------------------
     0 | D:1      | namelastname112 the Draconian Gladiator began the quest for the Orb.
     0 | D:1      | Reached XP level 1. HP: 17/17 MP: 1/1
     1 | D:1      | Found a runed door.
   192 | D:1      | Reached XP level 2. HP: 17/25 MP: 2/2
   435 | D:1      | Reached XP level 3. HP: 30/30 MP: 3/3
   740 | D:1      | Reached skill level 4 in Polearms
  1044 | D:2      | Reached XP level 4. HP: 38/38 MP: 4/4
  1291 | D:2      | namelastname112: епен
  1291 | D:2      | namelastname112: кинт линк
  1291 | D:2      | namelastname112: на тот микс
  1291 | D:2      | namelastname112: треков тату
  2007 | D:3      | Reached XP level 5. HP: 45/45 MP: 5/5
  2214 | D:3      | Noticed skk's ghost (amateur NaEn)
  2446 | D:4      | Reached skill level 5 in Polearms
  2590 | D:4      | Noticed an ogre
  2603 | D:4      | Slain by an ogre

Skill      XL: |  1  2  3  4  5 |
---------------+----------------+-----
Dodging        | 3 |  3.5
Polearms       | 4 5 |  5.0
Fighting       | 3 |  3.7
Throwing       | |  1.7

Action                   |  1- 3 |  4- 6 || total
-------------------------+-------+-------++-------
Melee: Trident           |    99 |   138 ||   237
       Tailslap          |     9 |    19 ||    28
Throw: Throwing net      |       |     2 ||     2
 Stab: Sleeping          |     1 |       ||     1
  Eat: Chunk             |     1 |     5 ||     6
Armor: Skin              |    18 |    51 ||    69
Dodge: Dodged            |    32 |   112 ||   144
